 Dungeon Crawl Stone Soup version 0.29-a0-813-g4a14ea37d6 (webtiles) character file.

Game seed: 6028334752237082081

5 Sabo the Shield-Bearer (level 1, 15/15 (18) HPs)
             Began as a Formicid Fighter on July 4, 2022.
             Was a Follower of Jiyva.
             Got out of the dungeon alive.
             The game lasted 00:04:16 (984 turns).

Sabo the Shield-Bearer (Formicid Fighter)            Turns: 984, Time: 00:04:16

HP:   15/15 (18)    AC:  6    Str: 20    XL:     1   Next: 88%
MP:   1/1           EV:  9    Int:  7    God:    Jiyva [*.....]
Gold: 14            SH:  5    Dex: 13    Spells: 0/0 levels left

rFire   . . .      SeeInvis +   a - +0 war axe
rCold   . . .      Faith    .   c - +0 buckler
rNeg    . . .      Spirit   .   b - +0 scale mail
rPois   .          Reflect  .   (helmet unavailable)
rElec   .          Harm     .   (no cloak)
rCorr   .          Rampage  .   (no gloves)
Will    .....                   (no boots)
Stlth   ..........              (no amulet)
HPRegen 0.85/turn               (no ring)
MPRegen 0.32/turn               (no ring)

@: heavily drained
A: permanent stasis, dig shafts and tunnels, antennae 3, four strong arms
a: Dig, Shaft Self, Renounce Religion


You escaped.
You worshipped Jiyva.
Jiyva was aware of your devotion.
You visited 1 branch of the dungeon, and saw 1 of its levels.

You collected 14 gold pieces.

Inventory:

Hand Weapons
 a - a +0 war axe (weapon)
Missiles
 f - 2 atropa-tipped darts
 h - 3 silver javelins (quivered)
Armour
 b - a +0 scale mail (worn)
 c - a +0 buckler (worn)
Scrolls
 e - a scroll of amnesia {unknown}
 g - a scroll of fog {unknown}
 i - a scroll of teleportation {unknown}
Potions
 d - a potion of might


   Skills:
 + Level 3.3 Fighting
 + Level 2.1 Axes
 + Level 3.4 Armour
 + Level 4.1 Shields


You couldn't memorise any spells.
You didn't know any spells.
Your spell library was empty.

Dungeon Overview and Level Annotations

Branches:
Dungeon (1/15)

Altars:
Jiyva


Innate Abilities, Weirdness & Mutations

You cannot be hasted, slowed, berserked, paralysed or teleported.
You can dig through walls and to a lower floor.
You have a pair of large antennae on your head. (SInv)
Your four strong arms can wield two-handed weapons with a shield.


Message History

The quokka is almost dead.
The quokka bites you but does no damage.
You block the quokka's attack.
You miss the quokka.
The quokka is almost dead.
The quokka closely misses you.
You closely miss the quokka.
The quokka is almost dead.
The quokka bites you but does no damage.
The quokka closely misses you.
You slash the quokka!
You kill the quokka!
You see here a quokka corpse.
You start resting.
HP restored.
You start waiting.
Done waiting.
You see here a quokka skeleton.
You open the door.
Found a faded altar of an unknown god.
There is an open door here.
As you open the door, it creaks loudly!
There is an open door here.
There is a faded altar of an unknown god here.
You cannot tell which god this altar belongs to.
Convert to them anyway?
Jiyva accepts your prayer! Jiyva welcomes you!
Jiyva begins accelerating your health and magic regeneration.
There is an open door here.
There is an open door here.
You hear a distant slurping noise.
There is an open door here.
You hear a distant slurping noise.
You hear a distant slurping noise.
There is an open door here.
There is an open door here.
There is a staircase leading out of the dungeon here.
You can't go down here!
Are you sure you want to leave the Dungeon?
This will make you lose the game!
You have escaped!

#...{########.########........
#...# ###.......### ##.......
#..# ##...........## ##...#..
#.. ##....#####....## #...#..
#. #...#########...# #...#.. #
##..##.......##..####..#..
#...#..##'##..#...###..#..
#..##.##...##.##..#....#..
#..##.##.@.##.##..###.....
#..##.##...##.##..# #.....
#...#..#####..#...# #.....
##..##.......##..####.....
#...####.####...# #......
##....##'##....## #......
##...........## ##......
###.......### ##.......
######### #.....###


There were no monsters in sight!

Vanquished Creatures
  A bat (D:1)
  An endoplasm (D:1)
  A quokka (D:1)
  2 rats (D:1)
5 creatures vanquished.

Vanquished Creatures (others)
  A quokka (D:1)
1 creature vanquished.

Grand Total: 6 creatures vanquished

Notes
Turn   | Place    | Note
-------+----------+-------------------------------------------
     0 | D:1      | Sabo the Formicid Fighter began the quest for the Orb.
     0 | D:1      | Reached XP level 1. HP: 18/18 MP: 1/1
   872 | D:1      | Found a faded altar of an unknown god.
   883 | D:1      | Prayed at the altar of an unknown god.
   883 | D:1      | Became a worshipper of Jiyva Jelichec the Shapeless
   883 | D:1      | Reached * piety under Jiyva
   984 | D:$      | Got out of the dungeon alive.

Illustrated notes

Levels and vault maps discovered:
D:1:      dpeg_arrival_concentric_ovals, layout_basic,
          hellmonk_ecumenical_altar_inner_sanctum

Action                   || total
-------------------------++-------
Melee: War axe           ||    21
Throw: Javelin           ||     1
 Abil: Dig               ||     1
Armor: Scale mail        ||    16
Dodge: Dodged            ||    10
Block: Buckler           ||     7

Table legend: (Time is in decaauts)
 A = Elapsed time spent in this place.
 B = Non-inter-level travel time spent in this place.
 C = Inter-level travel time spent in this place.
 D = Time resting spent in this place.
 E = Time spent auto-exploring this place.
 F = Levels seen in this place.
 G = Mean time per level.
                   A        B        C        D        E       F      G
               +--------+--------+--------+--------+--------+-----+--------+
         Total |    993 |    993 |      0 |    639 |      0 |   1 |  993.0 |
       Dungeon |    993 |    993 |      0 |    639 |      0 |   1 |  993.0 |
               +--------+--------+--------+--------+--------+-----+--------+

Top non-repeatable levels by time:
     D:1: 993 daAuts
